 Dungeon Crawl Stone Soup version 0.30-a0-219-gf2db51d15e (webtiles) character file.

Game seed: 16897722577840328852

51 Ayihk420 the Trooper (level 3, -7/29 HPs)
             Began as a Demonspawn Berserker on Oct 7, 2022.
             Was a Follower of Trog.
             Mangled by a gnoll
             ... wielding a +0 halberd
              (9 damage)
             ... on level 2 of the Dungeon.
             The game lasted 00:09:42 (1734 turns).

Ayihk420 the Trooper (Demonspawn Berserker)         Turns: 1734, Time: 00:09:43

Health: -7/29      AC: 13    Str: 16    XL:     3   Next: 57%
Magic:  3/3        EV:  5    Int:  7    God:    Trog [*.....]
Gold:   59         SH:  0    Dex: 18    Spells: 2/2 levels left

rFire   . . .      SeeInvis .    a - +1 hand axe
rCold   . . .      Faith    .    (no shield)
rNeg    . . .      Spirit   .    j - +0 plate armour
rPois   .          Reflect  .    k - +2 hat
rElec   .          Harm     .    (no cloak)
rCorr   .          Rampage  .    (no gloves)
Will    .....                    (no boots)
Stlth   ..........               g - amulet of magic regeneration
HPRegen 0.24/turn                (no ring)
MPRegen 0.48/turn                (no ring)

@: no status effects
A: claws 1, agile 1
a: Renounce Religion, Berserk


You were on level 2 of the Dungeon.
You worshipped Trog.
Trog was aware of your devotion.
You visited 1 branch of the dungeon, and saw 3 of its levels.

You collected 87 gold pieces.
You spent 28 gold pieces at shops.

Inventory:

Hand Weapons
 a - a +1 hand axe (weapon)
Missiles
 b - 2 poisoned darts
 f - 9 stones
 i - a throwing net (quivered)
Armour
 e - a +0 helmet
 j - a +0 plate armour (worn)
 k - a +2 hat (worn)
Jewellery
 g - an amulet of magic regeneration (around neck)
Scrolls
 c - a scroll of identify
 d - a scroll of immolation {unknown}
Potions
 h - 2 potions of magic


   Skills:
 * Level 3.4 Fighting
 - Level 3.1 Axes
 * Level 2.4 Armour
 + Level 2.3 Dodging


You had 2 spell levels left.
You didn't know any spells.
Your spell library was empty.

Dungeon Overview and Level Annotations

Branches:
Dungeon (3/15)

Altars:
Dithmenos

Shops:
D:2 *


Innate Abilities, Weirdness & Mutations

You have sharp fingernails.
You are agile. (Dex +4, Str/Int -1)


Message History

Trog accepts your kill. The bat hits you but does no damage.
The bat barely misses you. The bat hits you but does no damage.
You completely miss the bat. The bat hits you but does no damage. x2
The bat hits you but does no damage. The bat barely misses you.
The bat barely misses you. 2 gnolls come into view.
Found 4 stones and a scroll labelled CIWYMN BIPI.
The gnoll shouts! x2
The bat barely misses you. x2
The gnoll hits you from afar with a +0 halberd.
You see here a +0 halberd.
You barely miss the bat. The bat barely misses you.
The bat hits you but does no damage.
The gnoll hits you from afar with a +0 halberd!
The bat hits you but does no damage. The bat hits you.
The bat hits you but does no damage. The bat hits you but does no damage.
The gnoll hits you but does no damage. The bat attacks as you move away!
The bat hits you but does no damage. x2
The bat hits you but does no damage.
There is a stone staircase leading up here.
The gnoll barely misses you.
You climb upwards.
There is a stone staircase leading down here.
You start resting.
HP restored.
You climb downwards.
The bat hits you but does no damage. The gnoll hits you with a +0 halberd.
There is a stone staircase leading up here.
The bat hits you but does no damage. The gnoll hits you with a +0 halberd!
You climb upwards.
There is a stone staircase leading down here.
You completely miss the gnoll. The gnoll hits you with a +0 halberd.
You barely miss the gnoll. The gnoll hits you with a +0 halberd!
* * * LOW HITPOINT WARNING * * *
You barely miss the gnoll. The gnoll hits you with a +0 halberd!
You die...

......[...............###
#.....
...##....######.......#
#..... #####....#
#.......# #..... ######
#.......# #.....
##......# #..... #......#
#..... #......# #.....
#......# #..... #@g....#
#..... ######## ######


You could see a gnoll.

Vanquished Creatures
  2 gnolls
  An orc (D:2)
  3 endoplasms
  A giant cockroach (D:2)
  6 goblins
  A hobgoblin (D:2)
  2 jackals (D:1)
  2 ball pythons (D:2)
  6 bats
  A frilled lizard (D:2)
  2 kobolds
  4 rats
31 creatures vanquished.

Notes
Turn   | Place    | Note
-------+----------+-------------------------------------------
     0 | D:1      | Ayihk420 the Demonspawn Berserker began the quest for the
                  | Orb.
     0 | D:1      | Reached XP level 1. HP: 18/18 MP: 1/1
   191 | D:1      | Found a faded altar of an unknown god.
   354 | D:1      | Gained mutation: You have sharp fingernails. [demonic
                  | ancestry]
   354 | D:1      | Reached XP level 2. HP: 24/24 MP: 2/2
   975 | D:2      | Found Zyunedar's General Store.
   987 | D:1      | Gained mutation: You have an increased reservoir of magic.
                  | (+10% MP) [potion of mutation]
   987 | D:1      | Gained mutation: You occasionally shout uncontrollably at
                  | your foes. [potion of mutation]
   987 | D:1      | Gained mutation: You are strong-willed. (Will+) [potion of
                  | mutation]
  1008 | D:2      | Bought a scroll of identify for 24 gold pieces
  1008 | D:2      | Bought 4 stones for 4 gold pieces
  1067 | D:2      | Reached XP level 3. HP: 28/29 MP: 3/3
  1260 | D:2      | Lost mutation: You occasionally shout uncontrollably at
                  | your foes. [potion of mutation]
  1260 | D:2      | Lost mutation: You have an increased reservoir of magic.
                  | (+10% MP) [potion of mutation]
  1260 | D:2      | Lost mutation: You are strong-willed. (Will+) [potion of
                  | mutation]
  1260 | D:2      | Gained mutation: You are agile. (Dex +4, Str/Int -1)
                  | [potion of mutation]
  1651 | D:3      | Found a shadowy altar of Dithmenos.
  1733 | D:2      | HP: 1/29 [gnoll/+0 halberd (10)]
  1734 | D:2      | Mangled by a gnoll

Illustrated notes

Levels and vault maps discovered:
D:1:      minmay_arrival_pointy, layout_basic,
          shapermc_ecumenical_altar_mp_highgroup, minmay_misc_feat_x
D:2:      layout_rooms, serial_shops, shop
D:3:      layout_loops_ring, mainiacjoe_overflow_cross_hatched,
          elyvilon_altar_3, chequers_big_river, hangedman_feature_mirror,
          uniq_ijyb, uniq_grinder

Skill      XL: |  1  2 |
---------------+-------+-----
Armour         | 2 |  2.4
Dodging        | 2 |  2.3
Axes           | 3 |  3.1
Fighting       | |  3.4

Action                   || total
-------------------------++-------
Melee: Hand axe          ||    79
Throw: Stone             ||    14
       Throwing net      ||     3
  Use: Scroll            ||     4
       Potion            ||     4
Armor: Animal skin       ||    11
       Plate armour      ||    66
Dodge: Dodged            ||    35

Table legend: (Time is in decaauts)
 A = Elapsed time spent in this place.
 B = Non-inter-level travel time spent in this place.
 C = Inter-level travel time spent in this place.
 D = Time resting spent in this place.
 E = Time spent auto-exploring this place.
 F = Levels seen in this place.
 G = Mean time per level.
                   A        B        C        D        E       F      G
               +--------+--------+--------+--------+--------+-----+--------+
         Total |   1750 |   1618 |    132 |     47 |   1118 |   3 |  583.3 |
       Dungeon |   1750 |   1618 |    132 |     47 |   1118 |   3 |  583.3 |
               +--------+--------+--------+--------+--------+-----+--------+

Top non-repeatable levels by time:
     D:1: 982 daAuts
     D:2: 692 daAuts
     D:3: 76 daAuts
